 Dungeon Crawl Stone Soup version 0.27-a0-901-g8736458 (webtiles) character file.

Game seed: 8915233830927425608

242 Nithhogg the Slasher (level 5, -1/47 HPs)
             Began as a Minotaur Fighter on Apr 5, 2021.
             Was an Initiate of the Shining One.
             Slain by Grinder (7 damage)
             ... on level 3 of the Dungeon.
             The game lasted 00:04:44 (2460 turns).

Nithhogg the Slasher (Minotaur Fighter)             Turns: 2460, Time: 00:04:44

Health: -1/47      AC:  7    Str: 22    XL:     5   Next: 81%
Magic:  4/4        EV: 10    Int:  5    God:    the Shining One [......]
Gold:   49         SH:  0    Dex:  9    Spells: 4/4 levels left

rFire    . . .     SeeInvis .   h - +3 long sword
rCold    . . .     Faith    .   (no shield)
rNeg     . . .     Spirit   .   b - +0 scale mail
rPois    .         Reflect  .   (helmet restricted)
rElec    .         Harm     .   (no cloak)
rCorr    .         Rampage  .   (no gloves)
Will     .....                  (no boots)
Stlth    ..........             (no amulet)
HPRegen  0.15/turn              (no ring)
MPRegen  0.09/turn              (no ring)

@: glowing
A: horns 2, retaliatory headbutt
a: Renounce Religion


You were on level 3 of the Dungeon.
You worshipped the Shining One.
The Shining One was noncommittal.
You visited 1 branch of the dungeon, and saw 3 of its levels.

You collected 49 gold pieces.

Inventory:

Hand Weapons
 h - a +3 long sword (weapon)
Armour
 b - a +0 scale mail (worn)
 c - a +0 kite shield
Scrolls
 e - a scroll of identify {unknown}
 f - a scroll of noise {unknown}
 g - a scroll of immolation {unknown}
Potions
 d - a potion of might


   Skills:
 + Level 4.8 Fighting
 * Level 5.1 Long Blades
 + Level 4.7 Armour
 + Level 2.5 Dodging
 - Level 3.6 Shields


You had 4 spell levels left.
You didn't know any spells.
Your spell library was empty.

Dungeon Overview and Level Annotations

Branches:
Dungeon (3/15)

Altars:
Elyvilon
Gozag
Makhleb
The Shining One

Annotations:
D:3 Grinder


Innate Abilities, Weirdness & Mutations

You have a pair of horns on your head.
You reflexively headbutt those who attack you in melee.


Message History

No target in view!
Grinder gestures at you.
You suddenly lose the ability to move!
Grinder gestures at you. Pain shoots through your body!
You can move again.
Grinder hits you.
You writhe in agony.
You barely miss Grinder.
Grinder is heavily wounded.
Grinder blinks!
Grinder says, "Tell me all your secrets, or I'll kill you."
Grinder misses you. You furiously retaliate!
You headbutt Grinder!
You riposte.
You barely miss Grinder.
Grinder is severely wounded.
You hit Grinder but do no damage.
Grinder is severely wounded.
Grinder hits you.
You writhe in agony.
You hit Grinder. Your headbutt misses Grinder.
Grinder is severely wounded.
Grinder hits you but does no damage.
You closely miss Grinder. Your headbutt misses Grinder.
Grinder is severely wounded.
Grinder blinks!
Grinder gestures at you.
You suddenly lose the ability to move!
Grinder hits you. Grinder gestures at you.
You shrug off the repeated paralysis!
Grinder completely misses you.
You can move again.
You closely miss Grinder.
Grinder is severely wounded.
Grinder hits you!
* * * LOW HITPOINT WARNING * * *
You writhe in agony.
* * * LOW HITPOINT WARNING * * *
You hit Grinder.
Grinder is severely wounded.
Grinder hits you!
You die...

#.# #.# #.###
#...# #.#.#
#######(#
#.....'.#
#####.#.#######
#5@...#.....#
#.#########.#
#...........#
#############


You could see Grinder.

Vanquished Creatures
  Sigmund (D:2)
  Natasha (D:3)
  An ufetubus (D:3)
  A worm (D:2)
  2 dart slugs
  An orc (D:3)
  5 ball pythons
  5 endoplasms
  4 giant cockroaches
  2 goblins
  6 hobgoblins
  2 jackals (D:3)
  2 quokkas
  8 bats
  A frilled lizard (D:2)
  A kobold (D:1)
  A rat (D:1)
44 creatures vanquished.

Notes
Turn   | Place    | Note
-------+----------+-------------------------------------------
     0 | D:1      | Nithhogg the Minotaur Fighter began the quest for the Orb.
     0 | D:1      | Reached XP level 1. HP: 19/19 MP: 0/0
   354 | D:1      | Reached XP level 2. HP: 27/27 MP: 1/1
   414 | D:1      | Reached skill level 3 in Long Blades
   664 | D:1      | Reached skill level 1 in Dodging
   828 | D:1      | Found a faded altar of an unknown god.
   878 | D:1      | Reached XP level 3. HP: 33/33 MP: 2/2
  1186 | D:2      | Upgraded the game from 0.27-a0-899-ge2d0b17 to
                  | 0.27-a0-901-g8736458
  1265 | D:2      | Noticed Sigmund
  1324 | D:2      | Killed Sigmund
  1325 | D:2      | Reached skill level 4 in Long Blades
  1325 | D:2      | Reached XP level 4. HP: 18/41 MP: 3/3
  1325 | D:2      | Reached XP level 5. HP: 20/47 MP: 4/4
  2140 | D:3      | Found a white marble altar of Elyvilon.
  2140 | D:3      | Found a burning altar of Makhleb.
  2210 | D:3      | Found a glowing golden altar of the Shining One.
  2214 | D:3      | Became a worshipper of the Shining One
  2220 | D:3      | Found an opulent altar of Gozag.
  2324 | D:3      | Noticed Natasha
  2328 | D:3      | Killed Natasha
  2329 | D:3      | Reached skill level 5 in Long Blades
  2441 | D:3      | Noticed Grinder
  2445 | D:3      | Paralysed by Grinder for 4 turns
  2455 | D:3      | Paralysed by Grinder for 4 turns
  2460 | D:3      | Slain by Grinder

Illustrated notes

Levels and vault maps discovered:
D:1:      amcnicky_arrival_wind_blow, layout_loops_corners,
          basic_ecumenical_altar, serial_glass, glass_columns_a,
          glass_columns_c, glass_columns_a, glass_columns_a, glass_columns_b,
          glass_columns_a, chequers_serial_rivers_micro_d, minmay_tall_x
D:2:      minmay_general_purpose_star, layout_basic, minmay_misc_feat_enclosed,
          uniq_sigmund
D:3:      layout_loops_ring, nicolae_overflow_crystal_walls, lemuel_tele_altar,
          grunt_temple_overflow_cloverleaf, gammafunk_ghost_smash,
          minmay_misc_feat_four_crosses, serial_bayou_pond_e, corner_web_ring,
          roderic_serpentine_path, uniq_natasha, uniq_grinder

Skill      XL: |  1  2  3  4  5 |
---------------+----------------+-----
Long Blades    | 3 4 5 |  5.1
Dodging        | 1 2 |  2.5
Armour         | 4 |  4.7
Fighting       | 4 |  4.8
Shields        | |  3.6

Action                   |  1- 3 |  4- 6 || total
-------------------------+-------+-------++-------
Melee: Long sword        |    45 |    50 ||    95
       Headbutt          |     7 |    10 ||    17
  Use: Potion            |     1 |       ||     1
Armor: Scale mail        |    36 |    16 ||    52
Dodge: Dodged            |    30 |    27 ||    57
       Rpst.: Long sword |     4 |     7 ||    11

Table legend: (Time is in decaauts)
 A = Elapsed time spent in this place.
 B = Non-inter-level travel time spent in this place.
 C = Inter-level travel time spent in this place.
 D = Time resting spent in this place.
 E = Time spent auto-exploring this place.
 F = Levels seen in this place.
 G = Mean time per level.
                   A        B        C        D        E       F      G
               +--------+--------+--------+--------+--------+-----+--------+
         Total |   2477 |   2409 |     68 |      0 |   2100 |   3 |  825.7 |
       Dungeon |   2477 |   2409 |     68 |      0 |   2100 |   3 |  825.7 |
               +--------+--------+--------+--------+--------+-----+--------+

Top non-repeatable levels by time:
     D:1: 1098 daAuts
     D:2: 1019 daAuts
     D:3: 359 daAuts
